 Dungeon Crawl Stone Soup version bcrawl-1.24.2 (webtiles) character file.

Game seed: 6605356498158722180

68 KristoblXynda the Slasher (level 4, -5/33 HPs)
             Began as a Demonspawn Gladiator on June 21, 2020.
             Slain by a sky beast (6 damage)
             ... on level 3 of the Dungeon.
             The game lasted 00:02:23 (1569 turns).

KristoblXynda the Slasher (Demonspawn Gladiator)    Turns: 1569, Time: 00:02:23

Health: -5/33      AC: 10    Str: 15    XL:     4   Next: 1%
Magic:  4/4        EV: 12    Int: 10    God:
Gold:   124        SH:  1    Dex: 14    Spells: 3/3 levels left

rFire    . . .     SeeInvis .   a - +0 long sword
rCold    . . .     Gourm    .   (no shield)
rNeg     . . .     Faith    .   m - +0 ring mail
rPois    .         Spirit   .   c - +0 helmet
rElec    .         Reflect  .   k - +0 cloak
rCorr    .         Harm     .   (no gloves)
MR       .....                  (no boots)
Stlth    +.........             (no amulet)
HPRegen  0.11/turn              (no ring)
MPRegen  0.09/turn              (no ring)

@: no status effects
A: slimy green scales 2
a: no special abilities


You were on level 3 of the Dungeon.
You were not hungry.

You visited 1 branch of the dungeon, and saw 3 of its levels.

You collected 124 gold pieces.

Inventory:

Hand Weapons
 a - a +0 long sword (weapon)
Missiles
 d - 3 throwing nets {=f}
Armour
 c - a +0 helmet (worn)
 k - a +0 cloak (worn)
 m - a +0 ring mail (worn)
Scrolls
 b - a scroll of enchant weapon {unknown}
 g - a scroll of fear {unknown}
 h - a scroll of identify {unknown}
 i - a scroll of teleportation {unknown}
 o - a scroll of enchant armour {unknown}
 p - a scroll of fog {unknown}
Potions
 f - a potion of haste {unknown}
 j - a potion of might {unknown}
 l - a potion of invisibility {unknown}
 n - a potion of flight {unknown}
 q - a potion of heal wounds {unknown}
Comestibles
 e - 3 rations {!d}
 r - 6 chunks of flesh


   Skills:
 - Level 2.0 Fighting
 * Level 3.6 Long Blades
 - Level 2.0 Throwing
 + Level 1.3 Armour
 + Level 3.1 Dodging


You had 3 spell levels left.
You didn't know any spells.
Your spell library was empty.

Dungeon Overview and Level Annotations

Branches:
Dungeon (3/12)

Altars:


Innate Abilities, Weirdness & Mutations

You are mostly covered in slimy green scales. (AC +3)


Message History

You hit the sky beast.
The sky beast is severely wounded.
The sky beast barely misses you.
You closely miss the sky beast.
The sky beast is severely wounded.
The sky beast flickers out of sight!
Deactivating autopickup; reactivate with Ctrl-A.
Something hits you but does no damage.
You closely miss something. Something hits you. Something shocks you.
You miss something. Something hits you but does no damage.
You closely miss something. Something barely misses you.
You miss something. Something hits you but does no damage.
You closely miss something. Something hits you.
* * * LOW HITPOINT WARNING * * *
Something shocks you.
* * * LOW HITPOINT WARNING * * *
Something hits you.
* * * LOW HITPOINT WARNING * * *
Something shocks you.
You die...

. # # #.######## #
#.....{@.# #
....####.# # .
#......# #
#####..# ### #..#
#.. #..# #####.#
#..#########...#.#
#..#.............<
#..#.#####........


There were no monsters in sight!

Vanquished Creatures
  An adder (D:3)
  3 worms
  3 dart slugs (D:2)
  3 leopard geckos (D:1)
  A ball python (D:1)
  6 bats
  A giant cockroach (D:2)
  2 goblins
  5 hobgoblins
  5 jackals (D:1)
  2 kobolds (D:1)
  4 frilled lizards
  5 rats
41 creatures vanquished.

Notes
Turn   | Place    | Note
-------+----------+-------------------------------------------
     0 | D:1      | KristoblXynda the Demonspawn Gladiator began the quest for
                  | the Orb.
     0 | D:1      | Reached XP level 1. HP: 16/16 MP: 1/1
    89 | D:1      | Gained mutation: You are partially covered in slimy green
                  | scales. (AC +2) [demonic ancestry]
    89 | D:1      | Reached XP level 2. HP: 6/22 MP: 2/2
   784 | D:1      | Reached XP level 3. HP: 27/27 MP: 3/3
   868 | D:2      | Reached skill level 1 in Armour
  1541 | D:3      | Gained mutation: You are mostly covered in slimy green
                  | scales. (AC +3) [demonic ancestry]
  1541 | D:3      | Reached XP level 4. HP: 32/33 MP: 4/4
  1557 | D:3      | Noticed a sky beast
  1569 | D:3      | HP: 1/33 [something (3)]
  1569 | D:3      | Slain by a sky beast

Skill      XL: |  1  2  3 |
---------------+----------+-----
Long Blades    | 3 |  3.6
Throwing       | 2 |  2.0
Armour         | 1 |  1.3
Dodging        | 3 |  3.1
Fighting       | |  2.0

Action                   |  1- 3 |  4- 6 || total
-------------------------+-------+-------++-------
Melee: Long sword        |   163 |    11 ||   174
  Eat: Chunk             |     2 |       ||     2
Armor: Leather armour    |    33 |       ||    33
       Ring mail         |    33 |     5 ||    38
Dodge: Dodged            |   137 |     3 ||   140
Block: Other             |     2 |       ||     2
